 Dungeon Crawl Stone Soup version 0.28.0-55-gcd9437bce4 (webtiles) character file.

Game seed: 839233988190751090

393 jjjjhere the Ruffian (level 6, -21/51 HPs)
             Began as a Ghoul Fighter on Dec 3, 2022.
             Was a Believer of Lugonu.
             Demolished by an ogre
             ... wielding a +0 giant club
              (24 damage)
             ... on level 4 of the Dungeon.
             The game lasted 00:04:56 (3118 turns).

jjjjhere the Ruffian (Ghoul Fighter)                Turns: 3118, Time: 00:04:57

Health: -21/51     AC:  6    Str: 22    XL:     6   Next: 81%
Magic:  6/6        EV:  9    Int:  3    God:    Lugonu [**....]
Gold:   28         SH:  4    Dex:  8    Spells: 5/5 levels left

rFire   . . .      SeeInvis .     - Unarmed
rCold   + . .      Faith    .   b - +0 buckler
rNeg    + + +      Spirit   .   a - +0 scale mail
rPois   ∞          Reflect  .   (no helmet)
rElec   .          Harm     .   (no cloak)
rCorr   .          Rampage  .   (no gloves)
Will    .....                   (no boots)
Stlth   ..........              (no amulet)
HPRegen 0.00/turn               (no ring)
MPRegen 0.10/turn               (no ring)

@: inhibited regen
A: claws 1, cold resistance 1, negative energy resistance 3, inhibited
regeneration, torment resistance 2
a: Renounce Religion, Depart the Abyss, Bend Space


You were on level 4 of the Dungeon.
You worshipped Lugonu.
Lugonu was pleased with you.
You visited 1 branch of the dungeon, and saw 4 of its levels.

You collected 28 gold pieces.

Inventory:

Hand Weapons
 i - the +7 whip "Galugyadd" {drain, rN+++ Str+6 Dex-5}
   (You found it on level 2 of the Dungeon)

   A truly terrible weapon, it drains the life of any living foe it strikes.
   Str:       It affects your strength (+6).
   Dex:       It affects your dexterity (-5).
   rN:        It renders you almost immune to negative energy.
Missiles
 l - 4 boomerangs (quivered)
Armour
 a - a +0 scale mail (worn)
 b - a +0 buckler (worn)
Scrolls
 d - a scroll of noise {unknown}
 f - a scroll of identify {unknown}
 g - a scroll of fog {unknown}
 m - a scroll of amnesia {unknown}
Potions
 c - a potion of degeneration {unknown}
 e - a potion of brilliance {unknown}
 h - 3 potions of heal wounds {unknown}
 j - a potion of flight {unknown}
 k - a potion of haste
 n - a potion of curing {unknown}


   Skills:
 - Level 3.2 Fighting
 - Level 2.6 Armour
 - Level 2.6 Shields
 * Level 7.5 Unarmed Combat
 + Level 1.4 Invocations


You had 5 spell levels left.
You didn't know any spells.
Your spell library contained the following spells:

 Spells                   Type           Power      Damage    Failure   Level
 Shock                    Conj/Air       0%         1d3       91%         1
 Swiftness                Air            0%         N/A       100%        3
 Airstrike                Air            0%         N/A       100%        4


Dungeon Overview and Level Annotations

Branches:
Dungeon (4/15)
 Temple: D:4-7

Altars:
Lugonu


Innate Abilities, Weirdness & Mutations

You thrive by killing the living.
You are immune to poison.
You have sharp fingernails.
Your flesh is cold resistant. (rC+)
You are immune to negative energy. (rN+++)
You do not regenerate when monsters are visible.
You are immune to unholy pain and torment.


Message History

You see here an adder corpse.
You see here a +0 mace.
Key pressed, stopping explore.
Done exploring.
Done exploring.
(D) Dungeon
Where to? (Enter - D:3, ? - help)
There is a stone staircase leading down here.
You climb downwards.
Found an escape hatch in the ceiling.
There is a stone staircase leading up here.
An endoplasm is nearby!
Unknown command.
You claw the endoplasm!
You kill the endoplasm!
Lugonu accepts your kill.
No target in view!
An ogre comes into view. It is wielding a +0 giant club.
The ogre shouts!
An ogre is nearby!
Throw: 4 boomerangs
Press: ? - help, Q - select action, (/) - cycle Shift-Dir - straight line, f - ogre
Aim: an ogre, wielding a +0 giant club (71% to hit)
You throw a boomerang.
The boomerang hits the ogre but does no damage.
You scratch the ogre.
The ogre is lightly wounded.
The ogre hits you with a +0 giant club!!
Ouch! That really hurt!
You are too injured to fight recklessly!
You claw the ogre!
The ogre is severely wounded.
You scratch the ogre.
The ogre is severely wounded.
The ogre hits you with a +0 giant club!!
* * * LOW HITPOINT WARNING * * *
You barely miss the ogre.
The ogre is severely wounded.
The ogre hits you with a +0 giant club!!
You die...

... .... ..........
#.. ........ #..
.......##. ##..####
#..#...... #......#
#.........
#<.....### .........
#.....<#.###O....#
#..........#@....#.
##..................
##.......#.###....#
###........# ...#
####....... .##
#####.... # .#### ##


You could see an ogre.

Vanquished Creatures
  Sigmund (D:2)
  A phantom (D:3)
  Natasha (thrice) (D:1)
  A hound skeleton (D:2)
  3 adders (D:3)
  2 worms (D:3)
  3 dart slugs
  3 orcs (D:3)
  5 bats
  3 endoplasms
  2 goblins
  2 hobgoblins (D:1)
  3 quokkas
  A ball python (D:1)
  4 frilled lizards
  4 rats
41 creatures vanquished.

Notes
Turn   | Place    | Note
-------+----------+-------------------------------------------
     0 | D:1      | jjjjhere the Ghoul Fighter began the quest for the Orb.
     0 | D:1      | Reached XP level 1. HP: 19/19 MP: 0/0
   224 | D:1      | Found a faded altar of an unknown god.
   246 | D:1      | Prayed at the altar of an unknown god.
   246 | D:1      | Became a worshipper of Lugonu the Unformed
   246 | D:1      | Reached * piety under Lugonu
   246 | D:1      | Reached ** piety under Lugonu
   261 | D:1      | Reached skill level 3 in Unarmed Combat
   261 | D:1      | Reached XP level 2. HP: 26/26 MP: 1/1
   754 | D:2      | Reached XP level 3. HP: 31/31 MP: 2/2
   757 | D:2      | Noticed Natasha
   802 | D:1      | Killed Natasha
   803 | D:1      | Reached skill level 4 in Unarmed Combat
  1098 | D:2      | Reached XP level 4. HP: 36/38 MP: 3/3
  1300 | D:2      | Noticed Sigmund
  1498 | D:1      | Noticed Natasha
  1516 | D:1      | HP: 12/38 [Natasha (3)]
  1519 | D:1      | Killed Natasha
  1520 | D:1      | Reached skill level 5 in Unarmed Combat
  1817 | D:1      | Noticed Natasha
  1824 | D:1      | Killed Natasha
  1892 | D:2      | Identified the +7 whip "Galugyadd" {drain, rN+++ Str+6
                  | Dex-5}
  2134 | D:2      | Killed Sigmund
  2135 | D:2      | Reached skill level 7 in Unarmed Combat
  2135 | D:2      | Reached XP level 5. HP: 30/45 MP: 4/4
  2135 | D:2      | Reached XP level 6. HP: 34/51 MP: 5/5
  2470 | D:3      | Reached skill level 1 in Invocations
  3117 | D:4      | HP: 3/51 [ogre/+0 giant club (21)]
  3118 | D:4      | Demolished by an ogre

Illustrated notes

Levels and vault maps discovered:
D:1:      dpeg_arrival_arbitrary_c, layout_rooms,
          ebering_ecumenical_altar_sacrificial
D:2:      layout_loops_corners, uniq_natasha, uniq_sigmund
D:3:      layout_loops_ring
D:4:      black_bear_nest_2, layout_cave_pools, gammafunk_ghost_icy,
          dk_noncrumbling_2, minmay_misc_feat_roman, kennysheep_generic_room_11

Skill      XL: |  1  2  3  4  5  6 |
---------------+-------------------+-----
Unarmed Combat | 3 4 7 |  7.5
Invocations    | 1 |  1.4
Fighting       | |  3.2
Armour         | |  2.6
Shields        | |  2.6

Action                   |  1- 3 |  4- 6 || total
-------------------------+-------+-------++-------
Melee: Unarmed           |    72 |    76 ||   148
       Whip              |       |     8 ||     8
Throw: Boomerang         |       |     1 ||     1
  Use: Potion            |     1 |       ||     1
Armor: Scale mail        |    24 |    18 ||    42
Dodge: Dodged            |    31 |    27 ||    58
Block: Buckler           |    15 |    11 ||    26
